 Dungeon Crawl Stone Soup version 0.19.5 (webtiles) character file.

190 Monsterrace the Firebug (level 5, 0/28 HPs)
             Began as a Deep Elf Fire Elementalist on Apr 9, 2017.
             Slain by a slave (4 damage)
             ... led by Pikel
             ... on level 4 of the Dungeon.
             The game lasted 00:09:37 (4100 turns).

Monsterrace the Firebug (DEFE)                      Turns: 4100, Time: 00:09:37

Health: 0/28       AC:  3    Str:  5    XL:     5   Next: 41%
Magic:  10/13      EV: 13    Int: 21    God:
Gold:   91         SH:  0    Dex: 15    Spells: 2 memorised, 8 levels left

rFire  . . .     SeeInvis .     e - +0 dagger
rCold  . . .     Gourm    .     a - +0 robe
rNeg   . . .     Faith    .     (no shield)
rPois  .         Spirit   .     i - +1 hat
rElec  .         Reflect  .     (no cloak)
rCorr  .         Harm     .     (no gloves)
MR     .....                    (no boots)
Stlth  ++........               (no amulet)
                                (no ring)
                                (no ring)

@: lethally poisoned (0 -> -23), very slightly contaminated
A: no striking features
a: no special abilities


You were on level 4 of the Dungeon.
You were hungry.

You visited 1 branch of the dungeon, and saw 4 of its levels.

You collected 91 gold pieces.

Inventory:

Hand Weapons
 e - a +0 dagger (weapon)
Armour
 a - a +0 robe (worn)
 i - a +1 hat (worn)
Scrolls
 g - 3 scrolls of remove curse
 j - 3 scrolls of fog {unknown}
 k - a scroll of amnesia {unknown}
 l - 2 scrolls of identify
 m - 2 scrolls of immolation {unknown}
 n - a scroll of magic mapping {unknown}
 q - 2 scrolls of random uselessness {unknown}
Potions
 h - 2 potions of brilliance
 o - a potion of curing
Books
 b - a book of Flames

   Spells                             Type                      Level
   a - Flame Tongue                   Conjuration/Fire             1
   b - Throw Flame                    Conjuration/Fire             2
   c - Conjure Flame                  Conjuration/Fire             3
   d - Inner Flame                    Hexes/Fire                   3
   e - Sticky Flame                   Conjuration/Fire             4
   f - Fireball                       Conjuration/Fire             5
Comestibles
 c - 2 bread rations
 d - a fruit
 f - a slice of pizza
 p - a beef jerky


   Skills:
 - Level 2.4 Dodging
 - Level 2.4 Stealth
 + Level 4.3 Spellcasting
 * Level 3.9 Conjurations
 * Level 4.8 Fire Magic


You had 8 spell levels left.
You knew the following spells:

 Your Spells              Type           Power        Failure   Level  Hunger
a - Flame Tongue          Conj/Fire      ###..        1%          1    None
b - Conjure Flame         Conj/Fire      ###.....     10%         3    ##.....


Dungeon Overview and Level Annotations

Branches:
Dungeon (4/15)
 Temple: D:4-7

Altars:

Annotations:
D:4 Edmund


Message History

Casting: Flame Tongue
Confirm with . or Enter, or press ? or * to list all spells.
Aiming: Conjure Flame
Press: ? - help, Dir - move target cursor You miscast Conjure Flame.
You are very lightly contaminated with residual magic.
Strange energies run through your body. Edmund hits you with a flail of venom.
You are poisoned.
You feel sick. Edmund hits you with a flail of venom.
You are lethally poisoned!
The slave hits you!
* * * LOW HITPOINT WARNING * * *
You closely miss the slave.
* * * LOW HITPOINT WARNING * * *
You feel sick. Edmund barely misses you. The slave closely misses you.
You hit the slave but do no damage.
* * * LOW HITPOINT WARNING * * *
You feel sick. Edmund closely misses you. The slave hits you.
You die...

####........#
#...<.......#
#............#
..........####
..........#### .
...........(.# ##...
..........##.#######......
..........##...##@........
#.............pp@w###.....
........#####.#### ...
.....o... #... # ...op..p.
#..... ....... #.......
#........ #.........
##.....>...


You could see Edmund, 2 slaves and a worm.

Vanquished Creatures
  A scorpion (D:3)
  3 gnolls (D:2)
  3 adders
  5 worms
  A dart slug (D:2)
  5 leopard geckos
  6 giant cockroaches
  3 goblins
  9 hobgoblins
  2 quokkas
  A ball python (D:2)
  11 bats
  5 frilled lizards
  9 kobolds
  3 rats
67 creatures vanquished.

Notes
Turn   | Place    | Note
-------+----------+-------------------------------------------
     0 | D:1      | Monsterrace the Deep Elf Fire Elementalist began the quest for the Orb.
     0 | D:1      | Reached XP level 1. HP: 10/10 MP: 6/6
   413 | D:1      | Reached XP level 2. HP: 15/15 MP: 2/8
   861 | D:1      | Reached XP level 3. HP: 19/19 MP: 5/9
   899 | D:1      | Learned a level 3 spell: Conjure Flame
  1201 | D:1      | You fall through a shaft!
  2082 | D:2      | Reached XP level 4. HP: 24/24 MP: 2/11
  3606 | D:3      | Reached XP level 5. HP: 25/28 MP: 3/13
  4077 | D:4      | Noticed Edmund
  4084 | D:4      | Noticed a slave
  4086 | D:4      | Noticed a slave
  4088 | D:4      | Noticed a slave
  4100 | D:4      | Slain by a slave

Skill      XL: |  1  2  3  4 |
---------------+-------------+-----
Conjurations   | 2 3 |  3.9
Fire Magic     | 4 |  4.8
Spellcasting   | 4 |  4.3
Dodging        | |  2.4
Stealth        | |  2.4

Action                   |  1- 3 |  4- 6 || total
-------------------------+-------+-------++-------
Melee: Dagger            |    26 |     2 ||    28
       Short sword       |     6 |       ||     6
       Unarmed           |     5 |       ||     5
 Cast: Flame Tongue      |    81 |    63 ||   144
       Conjure Flame     |     5 |     7 ||    12
  Use: Potion            |     5 |     4 ||     9
       Scroll            |     1 |     1 ||     2
  Eat: Chunk             |     4 |     6 ||    10
Armor: Robe              |     5 |     2 ||     7
Dodge: Dodged            |    21 |     7 ||    28
